 Dungeon Crawl Stone Soup version 0.24.1-11-gbbbb2193e6 (webtiles) character file.

Game seed: 14434007000096562837, levelgen mode: deterministic

27 H0rd4k the Magician (level 2, -1/15 HPs)
             Began as a Deep Elf Wizard on May 12, 2020.
             Slain by an orc
             ... wielding a +0 whip
              (5 damage)
             ... on level 4 of the Dungeon.
             The game lasted 00:01:57 (976 turns).

H0rd4k the Magician (Deep Elf Wizard)                Turns: 976, Time: 00:01:57

Health: -1/15      AC:  2    Str:  4    XL:     2   Next: 93%
Magic:  3/10       EV: 13    Int: 22    God:
Gold:   16         SH:  0    Dex: 13    Spells: 10/11 levels left

rFire    . . .     SeeInvis .   (no weapon)
rCold    . . .     Gourm    .   (no shield)
rNeg     . . .     Faith    .   a - +0 robe
rPois    .         Spirit   .   b - +0 hat
rElec    .         Reflect  .   (no cloak)
rCorr    .         Harm     .   (no gloves)
MR       .....                  (no boots)
Stlth    ++........             (no amulet)
HPRegen  0.05/turn              (no ring)
MPRegen  0.12/turn              (no ring)

@: no status effects
A: no striking features
a: no special abilities


You were on level 4 of the Dungeon.
You were not hungry.

You visited 1 branch of the dungeon, and saw 3 of its levels.

You collected 16 gold pieces.

Inventory:

Armour
 a - a +0 robe (worn)
 b - a +0 hat (worn)
Jewellery
 h - an uncursed ring of see invisible {unknown}
Scrolls
 e - 2 scrolls of identify {unknown}
 f - 4 scrolls of remove curse {unknown}
Potions
 c - a potion of ambrosia
 g - a potion of agility {unknown}
Comestibles
 d - a ration


   Skills:
 + Level 2.7 Dodging
 + Level 2.8 Stealth
 + Level 5.4 Spellcasting
 + Level 1.3 Conjurations
   Level 1.1 Summonings
   Level 1.1 Translocations


You had 10 spell levels left.
You knew the following spells:

 Your Spells              Type           Power        Failure   Level  Hunger
a - Magic Dart            Conj           ##..         5%          1    None

Your spell library contained the following spells:

 Spells                   Type           Power        Failure   Level  Hunger
 Blink                    Tloc           N/A          10%         2    None
 Call Imp                 Summ           ##......     10%         2    None
 Slow                     Hex            #.......     14%         2    None
 Conjure Flame            Conj/Fire      #.......     22%         3    ##.....
 Mephitic Cloud           Conj/Pois/Air  #.......     24%         3    ##.....


Dungeon Overview and Level Annotations

Branches:
Dungeon (2/15)

Altars:


Message History

The orc is heavily wounded.
The orc hits you with a +0 whip.
* * * LOW HITPOINT WARNING * * *
Casting: Magic Dart (safe; 5% risk of failure)
Confirm with . or Enter, or press ? or * to list all spells.
Aiming: Magic Dart (safe; 5% risk of failure)
Press: ? - help, Shift-Dir - straight line, f/p - orc
Aim: an orc, wielding a +0 whip and wearing a +0 chain mail (heavily wounded)
The magic dart hits the orc but does no damage.
The orc is heavily wounded.
The orc barely misses you.
Casting: Magic Dart (safe; 5% risk of failure)
Confirm with . or Enter, or press ? or * to list all spells.
Aiming: Magic Dart (safe; 5% risk of failure)
Press: ? - help, Shift-Dir - straight line, f/p - orc
Aim: an orc, wielding a +0 whip and wearing a +0 chain mail (moderately wounded)
The magic dart hits the orc but does no damage.
The orc is moderately wounded.
The orc hits you with a +0 whip.
You die...

#.. #.# ###.#####
#......o# ###.#.###.#
......###o#### ####
###.##.......#####.....
#. #.##.##†##......# #
#. #.##.##@#
.....##.##o#
##.#####....# #h ######
.# .


You could see an orc.

Vanquished Creatures
  A giant cockroach (D:1)
  A goblin (D:2)
  4 hobgoblins (D:1)
  3 jackals
  5 bats
  3 frilled lizards
  3 kobolds (D:1)
  8 rats (D:1)
28 creatures vanquished.

Notes
Turn   | Place    | Note
-------+----------+-------------------------------------------
     0 | D:1      | H0rd4k the Deep Elf Wizard began the quest for the Orb.
     0 | D:1      | Reached XP level 1. HP: 10/10 MP: 7/7
   252 | D:1      | Reached skill level 5 in Spellcasting
   255 | D:1      | Reached XP level 2. HP: 15/15 MP: 5/10
   926 | D:2      | You fall into a shaft and drop 2 floors!
   976 | D:4      | Slain by an orc

Levels and vault maps discovered:
D:1:      mushboom_english_gardens, layout_loops_cross
D:2:      layout_basic, first_ration, dk_noncrumbling_3
D:4:      layout_loops_cross, amethyst_overflow_temple_binary, serial_shops,
          shop, shop_fountains, shop, shop, nicolae_shop_trees

Skill      XL: |  1 |
---------------+----+-----
Spellcasting   | 5 |  5.4
Dodging        | |  2.7
Stealth        | |  2.8
Conjurations   | |  1.3
Summonings     | |  1.1
Translocations | |  1.1

Action                   || total
-------------------------++-------
Melee: Unarmed           ||     7
 Cast: Magic Dart        ||    74
  Use: Potion            ||     1
Armor: Robe              ||    15
Dodge: Dodged            ||    55
